 Dungeon Sprint DCSS version 0.21.1-1-g345015f (webtiles) character file.

18 Arthanis the Skirmisher (level 2, -3/25 HPs)
             Began as a Vine Stalker Monk on Feb 13, 2018.
             Was a Believer of Qazlal.
             Killed from afar by a purple draconian (21 damage)
             ... with a bolt of dispelling energy
             ... in the Dungeon (Sprint V: "Ziggurat Sprint").
             The game lasted 00:01:30 (103 turns).

Arthanis the Skirmisher (Vine Stalker Monk)          Turns: 103, Time: 00:01:30

Health: -3/25      AC: 21    Str: 30    XL:     2   Next: 70%
Magic:  0/5        EV:  0    Int: 10    God:    Qazlal [**....]
Gold:   0          SH: 31    Dex: 16    Spells: 1/1 levels left

rFire    + + .     SeeInvis .   G - +8 lance "Wyrmbane" {slay drac, rPois rF+ rC+ AC+3}
rCold    + + .     Gourm    .   F - +18 shield of the Gong {rElec rN+ MR+ EV-5}
rNeg     + . .     Faith    .   H - +5 gold dragon scales
rPois    +         Spirit   +   (no helmet)
rElec    +         Reflect  .   (no cloak)
rCorr    .         Harm     .   (no gloves)
MR       +....     NoTele   +   (no boots)
Stlth    ..........             (no amulet)
HPRegen  0.08/turn              D - +6 ring of strength
MPRegen  0.09/turn              C - +6 ring of strength

@: mighty, berserking, very slightly contaminated, invisible (expiring), very
quick
A: fangs 2, magic shield, antimagic bite, no potion heal 3, rot immunity
a: Upheaval, Renounce Religion


You were in the Dungeon.
You worshipped Qazlal.
Qazlal was pleased with you.
You were not hungry.

You visited 1 branch

Inventory:

Hand Weapons
 a - a +0 spear
 G - the +8 lance "Wyrmbane" (weapon) {slay drac, rPois rF+ rC+ AC+3}
   (You found it in the Dungeon)

   It affects your AC (+3).
   It protects you from fire.
   It protects you from cold.
   It protects you from poison.
Armour
 F - the +18 shield of the Gong (worn) {rElec rN+ MR+ EV-5}
   (You found it in the Dungeon)

   It affects your evasion (-5).
   It insulates you from electricity.
   It protects you from negative energy.
   It affects your resistance to hostile enchantments.
 H - +5 gold dragon scales (worn)
Magical Staves
 b - an uncursed staff of wizardry
Jewellery
 y - a +6 ring of dexterity
 z - a +6 ring of dexterity
 A - a +6 ring of intelligence
 B - a +6 ring of intelligence
 C - a +6 ring of strength (right hand)
 D - a +6 ring of strength (left hand)
Wands
 v - a wand of disintegration (7)
 w - a wand of iceblast (7)
 x - a wand of acid (7)
Scrolls
 i - 4 scrolls of blinking
 p - 4 scrolls of amnesia
 q - 7 scrolls of fog
 r - a scroll of holy word
 s - 5 scrolls of identify
 t - 5 scrolls of remove curse
 u - 2 scrolls of fear
Potions
 d - 10 potions of curing
 e - 10 potions of heal wounds
 f - 6 potions of haste
 g - 7 potions of magic
 h - 2 potions of berserk rage
 j - 2 potions of brilliance
 k - a potion of invisibility
 l - 4 potions of resistance
 n - 5 potions of agility
 o - 4 potions of might
Comestibles
 c - 7 rations


   Skills:
 + Level 4.0 Fighting
 + Level 4.0 Polearms
 + Level 2.3 Armour
 - Level 2.4 Dodging
 - Level 2.4 Stealth
 + Level 2.5 Shields
 + Level 2.8 Invocations
 + Level 2.7 Evocations


You had one spell level left.
You didn't know any spells.

Dungeon Overview and Level Annotations

Branches:
Dungeon (1/1)

Altars:
Ashenzari
Cheibriados
Dithmenos
Elyvilon
Fedhas
Gozag
Hepliaklqana
Kikubaaqudgha
Makhleb
Nemelex Xobeh
Okawaru
Qazlal
Ru
Sif Muna
Trog
Uskayaw
Vehumet
Wu Jian
Xom
Yredelemnul
Zin
The Shining One
Beogh
Jiyva
Lugonu

Annotations:
D 1 transporter


Innate Abilities, Weirdness & Mutations

You have extremely sharp teeth.
When hurt, damage is shared between your health and your magic reserves.
Your bite disrupts and absorbs the magic of your enemies.
Potions cannot restore your health.
You are immune to rotting.


Message History

The purple draconian hits you with a +1 hand axe of flaming.
The purple draconian burns you.
A red film seems to cover your vision as you go berserk!
You feel yourself moving faster!
You feel mighty! You block the draconian's attack.
GONNNNG!
You block the draconian's attack.
BONNNG!
You block the purple draconian's attack.
GONNNNG!
You barely miss the draconian.
You bite the draconian, but do no damage.
The draconian hits you but does no damage.
You block the draconian's attack.
SHROANNG!
The purple draconian breathes dispelling energy at you.
The bolt of dispelling energy hits you!
Your magical effects are unravelling.
Ouch! That really hurt!
You die...

▓▓▓▓▓▓▓▓▓▓▓▓▓
▓.8©8.▓.8©8.▓
▓.)==.▓.....▓
▓.....▓...}.▓
▓.....▓.....▓
▓.dd§.▓.....▓
▓.d@§.▓..©..▓
▓..©..▓▓▓▓▓▓▓
▓▓▓▓▓▓▓


You could see a purple draconian and 2 draconians.

Vanquished Creatures
  A mummy (D)
  A giant cockroach zombie (D)
2 creatures vanquished.

Vanquished Creatures (others)
  A spatial maelstrom (D)
1 creature vanquished.

Grand Total: 3 creatures vanquished

Notes
Turn   | Place    | Note
-------+----------+-------------------------------------------
     0 | D        | Found the +6 Majin-Bo {vamp, Archmagi MP+6 Int+6}
     0 | D        | Found the +7 great mace "Firestarter" {inner flame, rF++}
     0 | D        | Arthanis the Vine Stalker Monk began the quest for the Orb.
     0 | D        | Reached XP level 1. HP: 11/11 MP: 2/2
     0 | D        | Found a deep blue altar of Sif Muna.
     0 | D        | Found a bloodstained altar of Trog.
     0 | D        | Found a sacrificial altar of Ru.
     0 | D        | Found a stormy altar of Qazlal.
     0 | D        | Found an iron altar of Okawaru.
     1 | D        | Found a sparkling altar of Nemelex Xobeh.
     1 | D        | Found a blossoming altar of Fedhas.
     3 | D        | Found a transporter.
     3 | D        | Found an ancient bone altar of Kikubaaqudgha.
     3 | D        | Found a viscous altar of Jiyva.
     3 | D        | Found a corrupted altar of Lugonu.
     3 | D        | Found a hazy altar of Hepliaklqana.
     3 | D        | Found a burning altar of Makhleb.
     3 | D        | Found an opulent altar of Gozag.
     8 | D        | Banished a spatial maelstrom
    19 | D        | Found the +9 heavy crossbow "Sniper" {velocity, Acc+∞ SInv}
    19 | D        | Found the +10 dark maul {crush}
    19 | D        | Found the +15 Maxwell's patent armour {-Cast -Tele rElec MR+ rCorr}
    19 | D        | Found the +18 shield of the Gong {rElec rN+ MR+ EV-5}
    19 | D        | Found the cursed +14 obsidian axe {chop, +Fly SInv *Curse}
    21 | D        | Found the +6 shillelagh "Devastator" {shatter}
    21 | D        | Found the +11 plutonium sword {*Contam Stlth-}
    21 | D        | Found the +8 lance "Wyrmbane" {slay drac, rPois rF+ rC+ AC+3}
    21 | D        | Found the +9 sword of Zonguldrok {reap}
    21 | D        | Found the cursed +13 scythe of Curses {drain, *Curse}
    21 | D        | Found the +0 sword of Power
    21 | D        | Found the +0 mace of Variability {chaos}
    21 | D        | Found the +7 Singing Sword
    21 | D        | Found the +7 longbow "Piercer" {penet, EV-2}
    70 | D        | Became a worshipper of Qazlal Stormbringer
    70 | D        | Reached * piety under Qazlal
    70 | D        | Reached ** piety under Qazlal
    77 | D        | Reached XP level 2. HP: 17/17 MP: 3/5
    80 | D        | Entered arena 2.
    80 | D        | Found a transporter.
    96 | D        | Entered arena 3.
    96 | D        | Noticed a purple draconian
    96 | D        | Noticed a draconian
    96 | D        | Noticed a draconian
    96 | D        | Found a transporter.
   103 | D        | Killed from afar by a purple draconian

Skill      XL: |  1  2 |
---------------+-------+-----
Fighting       | 3 4 |  4.0
Polearms       | 3 4 |  4.0
Armour         | 2 |  2.3
Shields        | 2 |  2.5
Invocations    | 2 |  2.8
Evocations     | 2 |  2.7
Dodging        | |  2.4
Stealth        | |  2.4

Action                   || total
-------------------------++-------
Melee: Lance             ||     8
       Bite              ||     3
  Use: Potion            ||     4
 Stab: Invisible         ||     1
Armor: Gold dragon scale ||     2
Block: Shield            ||    11
